Map: Lost and Found LE

Players

HuT - Winner!

  • Race: Terran Terran
  • Spawn Location: 1:00

JonSnow

  • Race: Zerg Zerg
  • Spawn Location: 7:00

Event: WCS Montreal 2018

VOD

Have the link to the VOD?

Description

Time

  • Played on: Sept. 7, 2018, 7:12 p.m.
  • Length: 18:55

All games in this series

Show
View Real Time Build Order
Export as new Build Order

HuT Terran - Winner!

Build Orders: Gas First Reaper Expand, Reaper Expand, MMM Bio 

Get SALT Encoding   

  12  0:01  SCV  
  13  0:13  SCV  
  14  0:17  Supply Depot  
  14  0:25  SCV  
  15  0:30  Refinery  
  15  0:38  SCV  
  16  0:44  Barracks  
  16  0:50  SCV  
  17  1:02  SCV  
  18  1:14  SCV  
  19  1:30  Orbital Command  
  19  1:31  Reaper  
  20  1:42  Command Center  
  20  1:52  Factory  
  20  1:57  SCV  
  21  2:07  Barracks Reactor  
  21  2:09  SCV  
  21  2:10  Refinery  
  21  2:12  Supply Depot  
  22  2:21  SCV  
  23  2:34  SCV  
  24  2:44  Starport  
  24  2:46  SCV  
  24  2:49  Hellion x2  
  29  2:53  Barracks Tech Lab  
  29  2:58  SCV  
  28  3:00  Supply Depot  
  28  3:22  Orbital Command  
  28  3:24  Hellion x2  
  28  3:26  SCV  
  33  3:30  Viking  
  35  3:37  Supply Depot  
  35  3:39  SCV  
  36  3:42  Barracks Tech Lab  
  36  3:46  Hellion  
  38  3:50  SCV  
  39  3:56  SCV  
  39  4:01  Medivac  
  39  4:02  SCV  
  43  4:04  Supply Depot  
  43  4:11  Armory  
  43  4:14  Marauder, Hellion  
  47  4:19  SCV x2  
  49  4:25  Hellion  
  49  4:26  Supply Depot, Concussive Shells  
  51  4:33  Medivac  
  51  4:35  Marauder  
  55  4:41  SCV x2  
  57  4:46  Hellion  
  57  4:47  Hellion  
  57  4:50  Supply Depot  
  61  4:53  SCV  
  62  5:05  Banshee  
  62  5:06  Cloaking Field  
  65  5:12  Marine  
  66  5:16  SCV  
  66  5:18  Command Center  
  67  5:22  Factory Tech Lab  
  65  5:30  SCV  
  66  5:43  Marine  
  66  5:44  Siege Tank  
  66  5:45  SCV x2  
  66  5:46  Supply Depot  
  66  5:57  SCV  
  66  5:58  SCV  
  66  6:02  Banshee, Marine  
  66  6:03  Stimpack  
  66  6:08  Barracks  
  66  6:09  Refinery, SCV  
  66  6:10  Refinery, SCV, Barracks  
  58  6:22  SCV x2  
  59  6:26  Siege Tank  
  59  6:27  Supply Depot  
  59  6:30  Orbital Command  
  59  6:31  Engineering Bay  
  62  6:32  Engineering Bay  
  62  6:34  SCV x2  
  62  6:35  Marine  
  65  6:44  Barracks  
  65  6:45  Barracks  
  65  6:46  SCV x2  
  67  6:56  Starport Reactor  
  67  6:58  SCV x2  
  67  7:05  SCV  
  67  7:06  Terran Infantry Weapons Level 1, Terran Infantry Armor Level 1  
  63  7:11  Barracks Reactor  
  63  7:15  Marine  
  63  7:21  SCV x2  
  63  7:22  Supply Depot x2  
  66  7:26  Marine x2  
  66  7:27  Siege Tank  
  71  7:30  SCV  
  71  7:32  Medivac  
  71  7:33  SCV x2, Marine  
  77  7:44  Marine x2  
  77  7:46  SCV x3  
  77  7:49  Barracks Reactor x2  
  82  7:53  Marine x3  
  82  7:58  SCV x2  
  87  7:59  Siege Tank  
  87  8:02  Marine x2  
  87  8:04  Orbital Command  
  92  8:07  Refinery  
  92  8:10  Refinery  
  92  8:11  Marine x2  
  94  8:17  Marine  
  94  8:19  Marine  
  94  8:20  Combat Shield, Marine  
  95  8:29  Marine x2  
  95  8:31  Siege Tank  
  95  8:32  Marine  
  95  8:33  Marine x3  
  105  8:34  SCV x3, Marine  
  105  8:37  Marine x2  
  110  8:47  Marine x2  
  112  8:48  SCV x2  
  112  8:50  Marine x3  
  112  8:52  Barracks  
  112  8:53  Barracks x2  
  117  9:00  Supply Depot  
  117  9:08  SCV  
  117  9:09  SCV x2, Marine  
  110  9:17  Marine  
  110  9:20  SCV  
  110  9:21  SCV x2  
  105  9:24  Marine x7  
  105  9:26  Marine  
  105  9:29  Terran Infantry Armor Level 2, Terran Infantry Weapons Level 2  
  98  9:32  SCV  
  98  9:33  SCV  
  98  9:35  Marine  
  97  9:42  Marine x6  
  97  9:43  Barracks Tech Lab x3, Marine  
  97  9:44  Marine  
  104  9:52  Supply Depot, Marine  
  96  10:00  Marine x6  
  96  10:01  Marine  
  96  10:02  Marine, Medivac x2  
  108  10:10  Marine  
  108  10:13  Marauder x2  
  113  10:14  Marauder  
  113  10:18  Siege Tank, Marine x6  
  113  10:19  Marine  
  125  10:22  Supply Depot  
  125  10:24  Terran Vehicle Weapons Level 1  
  125  10:27  Supply Depot  
  125  10:29  Supply Depot  
  125  10:30  Supply Depot  
  125  10:32  Marine  
  125  10:34  Marauder, Supply Depot x2  
  128  10:38  Medivac  
  128  10:39  Medivac  
  130  10:49  Marauder x3, Marine x5  
  131  10:50  Widow Mine  
  129  10:59  Marauder, Supply Depot x2  
  129  11:00  Supply Depot  
  129  11:01  Liberator x2  
  130  11:10  Marauder x3  
  136  11:18  Siege Tank  
  139  11:21  Marauder  
  139  11:22  Marine x2  
  149  11:27  Supply Depot  
  149  11:29  Marine x2  
  149  11:30  Marine  
  152  11:39  Marauder  
  158  11:40  Marauder x2  
  158  11:46  Marauder  
  158  11:53  Terran Infantry Weapons Level 3  
  158  11:59  Terran Infantry Armor Level 3  
  158  12:00  Marine  
  158  12:01  Marauder  
  161  12:08  Marine x7  
  164  12:18  Marine x4  
  164  12:21  Marine  
  164  12:25  Marine  
  164  12:26  Marine  
  166  12:31  Marine x2  
  166  12:36  Marauder x2  
  166  12:37  Marauder  
  171  12:40  Marauder  
  171  12:42  Marine x2  
  175  12:49  Marine x6  
  178  12:58  Marauder x3  
  184  13:00  Marine x2  
  184  13:03  Marine  
  187  13:07  Marine x2  
  183  13:19  Marauder, Marine x7  
  183  13:29  Marine x4  
  184  13:36  Marine  
  184  13:39  Marine x6  
  184  13:40  Marine  
  192  13:47  Marine x4  
  196  13:59  Marine  
  196  14:00  Marauder, Marine  
  196  14:01  Marine  
  196  14:11  Marauder x2, Marine  
  196  14:15  Marine  
  196  14:16  Marine x4  
  180  14:27  Marine x2  
  180  14:28  Marauder, Marine  
  180  14:29  Marine  
  154  14:45  Marine x2  
  125  14:54  Marine x7  
  104  15:11  Marauder x2, Marine x4  
  104  15:30  Marauder x2, Marine x2  
  104  15:34  Marine x8  
  118  15:47  Marine, Medivac x2  
  123  15:54  Marine x3  
  113  16:12  Marine  
  113  16:17  Medivac  
  113  16:18  Medivac  
  113  16:22  Marine  
  113  16:23  Marauder x3, Marine x7  
  124  16:44  Marine x6  
  124  16:45  Marine x6  
  136  16:52  Medivac  
  136  16:53  Medivac  
  140  17:08  Marauder x2, Marine  
  144  17:11  Marine  
  144  17:14  Marine  
  147  17:21  Marine x2  
  148  17:26  Unknown x2  
  148  17:37  Marine  
  148  17:38  Marauder x2, Marine  
  148  17:42  Marine  
  155  17:45  Unknown  
  155  17:48  Marine  
  155  17:49  Marine  
  157  17:52  Marine x2  
  157  17:58  Unknown  
  159  18:09  Unknown  
  158  18:18  Marine  
  158  18:19  Marauder  
  153  18:25  Marine  
Show
View Real Time Build Order
Export as new Build Order

JonSnow Zerg 

Build Orders: Hatch First, Brood Lord Corruptor 

Get SALT Encoding   

  12  0:01  Drone  
  13  0:12  Overlord  
  13  0:18  Drone  
  14  0:31  Drone x2  
  16  0:48  Hatchery  
  15  0:51  Drone  
  15  0:55  Drone  
  17  1:09  Spawning Pool  
  16  1:12  Drone  
  17  1:20  Drone  
  17  1:25  Extractor  
  17  1:26  Drone  
  17  1:31  Drone  
  19  1:52  Overlord  
  19  1:56  Zergling x2, Queen  
  19  2:00  Queen  
  24  2:01  Zergling x2  
  24  2:04  Zergling x2  
  26  2:13  Drone x2  
  28  2:28  Hatchery  
  27  2:33  Spore Crawler  
  25  2:37  Drone  
  25  2:42  Metabolic Boost  
  27  2:47  Queen  
  29  2:55  Drone  
  29  2:56  Drone x2  
  32  3:03  Drone x3  
  35  3:19  Overlord  
  34  3:21  Drone x3  
  34  3:24  Overlord  
  36  3:33  Overlord  
  36  3:37  Queen  
  36  3:38  Zergling x6  
  36  3:39  Zergling x2  
  42  3:44  Queen  
  42  3:47  Drone  
  45  3:49  Drone  
  45  3:50  Drone  
  45  3:51  Drone  
  48  4:02  Spore Crawler x2, Drone x3  
  49  4:07  Drone x2  
  49  4:08  Drone  
  52  4:11  Spore Crawler  
  51  4:18  Spore Crawler  
  51  4:21  Zergling x4  
  51  4:24  Drone x4  
  54  4:27  Drone x2  
  58  4:33  Overlord  
  57  4:38  Drone  
  57  4:39  Roach Warren  
  57  4:41  Drone  
  58  4:45  Extractor  
  58  4:46  Drone  
  58  4:51  Queen  
  60  4:56  Overlord  
  60  4:57  Drone x6  
  66  5:01  Overlord  
  66  5:07  Evolution Chamber x2  
  63  5:15  Overlord x2  
  63  5:18  Extractor  
  63  5:19  Roach x4  
  70  5:22  Roach  
  70  5:28  Roach x4  
  76  5:30  Zergling x2  
  76  5:34  Roach x2  
  76  5:35  Zergling x2  
  84  5:44  Roach x3  
  84  5:45  Zergling x2, Roach  
  84  5:47  Zergling x2  
  88  5:53  Roach  
  88  5:55  Drone x2  
  86  5:59  Drone  
  86  6:01  Queen  
  85  6:05  Drone  
  85  6:08  Lair  
  85  6:12  Zergling x10  
  85  6:14  Drone  
  85  6:16  Drone  
  85  6:17  Drone  
  93  6:24  Zergling x6  
  95  6:26  Queen  
  95  6:28  Zerg Missile Weapons Level 1  
  97  6:33  Zergling x2  
  97  6:36  Overlord  
  98  6:42  Zerg Ground Armor Level 1  
  98  6:45  Overlord x2  
  98  6:49  Extractor  
  98  6:50  Extractor  
  96  6:59  Drone  
  96  7:00  Drone x7  
  101  7:02  Hatchery  
  101  7:06  Drone x4  
  101  7:08  Drone x2  
  98  7:09  Drone x2  
  98  7:12  Drone x2  
  102  7:18  Drone x2  
  102  7:19  Glial Reconstitution  
  102  7:22  Extractor, Overseer  
  99  7:23  Queen  
  95  7:38  Queen x2  
  96  7:47  Roach x9  
  113  7:52  Overlord  
  113  7:55  Drone x2  
  113  7:56  Drone  
  113  7:57  Drone x4  
  120  8:00  Queen  
  122  8:06  Overlord  
  122  8:07  Overlord x2  
  122  8:15  Overlord x2  
  121  8:25  Roach x6  
  132  8:31  Extractor  
  131  8:38  Zerg Missile Weapons Level 2, Roach x6  
  131  8:39  Zerg Ground Armor Level 2  
  143  8:42  Overlord  
  143  8:45  Roach  
  143  8:46  Roach  
  147  8:54  Infestation Pit  
  147  8:55  Roach x6  
  158  9:02  Roach x3  
  155  9:11  Roach x2  
  155  9:15  Roach x3  
  155  9:16  Roach  
  159  9:20  Zergling x12  
  143  9:25  Roach x6  
  143  9:30  Roach x2  
  157  9:34  Hive  
  156  9:38  Spire  
  156  9:40  Ravager x5  
  156  9:41  Ravager  
  156  9:42  Zergling x4  
  156  9:43  Zergling x6  
  166  9:47  Extractor  
  166  9:48  Ravager  
  166  9:49  Ravager  
  167  9:53  Zergling x6  
  161  10:01  Drone x4  
  161  10:02  Drone x2  
  161  10:04  Queen  
  171  10:07  Drone x5  
  174  10:17  Drone x2  
  176  10:22  Hatchery  
  176  10:25  Overlord x2  
  158  10:51  Greater Spire  
  158  10:52  Viper x2  
  164  10:57  Zerg Missile Weapons Level 3, Zerg Ground Armor Level 3  
  164  11:00  Queen  
  164  11:01  Queen x2  
  170  11:11  Corruptor x3  
  170  11:12  Corruptor x2  
  170  11:14  Zergling x32  
  196  11:21  Overlord, Corruptor  
  196  11:22  Corruptor  
  199  11:56  Extractor, Hatchery  
  199  11:57  Overseer  
  199  11:58  Extractor  
  196  12:04  Corruptor  
  196  12:07  Zerg Flyer Armor Level 1  
  191  12:18  Brood Lord  
  191  12:19  Brood Lord x5  
  198  12:26  Brood Lord  
  197  12:38  Corruptor  
  199  12:49  Corruptor  
  197  12:52  Hatchery  
  197  12:58  Corruptor  
  192  13:13  Roach x4  
  192  13:17  Corruptor x3  
  196  13:20  Brood Lord  
  196  13:26  Brood Lord  
  198  13:35  Zerg Melee Weapons Level 1  
  198  13:41  Brood Lord x2  
  199  13:47  Baneling Nest, Ultralisk Cavern  
  197  13:52  Brood Lord  
  199  13:58  Hatchery  
  199  14:02  Corruptor x2  
  188  14:14  Roach x6  
  200  14:19  Hatchery  
  167  14:31  Brood Lord  
  167  14:32  Brood Lord x2  
  167  14:33  Chitinous Plating  
  167  14:34  Ultralisk x2  
  167  14:35  Zergling x2  
  167  14:36  Zergling x28  
  192  14:50  Zergling x2, Ultralisk x2  
  184  14:53  Zergling x8  
  156  15:00  Zergling x6  
  156  15:02  Centrifical Hooks  
  156  15:04  Ultralisk  
  134  15:09  Zergling x2, Ultralisk  
  141  15:21  Zergling x2, Ultralisk  
  137  15:26  Zergling x2  
  137  15:27  Zergling x6  
  122  15:30  Zergling x4, Ultralisk  
  122  15:33  Zergling x2  
  118  15:39  Zergling x6  
  121  15:42  Zergling x2  
  121  15:44  Baneling x2  
  121  15:45  Zergling x2  
  120  15:50  Zergling x4  
  120  15:55  Zergling x2  
  112  16:07  Zergling x2  
  112  16:08  Zergling x2  
  93  16:19  Infestor x2  
  93  16:23  Baneling x3  
  97  16:32  Zergling x4  
  99  16:39  Baneling x2  
  100  16:40  Zergling x2  
  99  16:56  Hatchery  
  98  17:05  Roach  
  98  17:07  Roach  
  102  17:13  Infestor  
  104  17:22  Ultralisk  
  110  17:26  Roach  
  110  17:28  Roach  
  114  17:36  Ravager  
  115  17:40  Ultralisk  
  121  17:44  Zergling x6  
  121  17:47  Ravager  
  121  17:48  Baneling x2  
  125  17:53  Zergling x6  
  128  18:07  Ultralisk  
  128  18:10  Zergling x6  
  128  18:11  Zergling x2  
  128  18:12  Zergling x2  
  109  18:25  Zergling x6  
  68  18:29  Zergling x2  
  61  18:36  Zergling x6  
Tags
 
Add a new tag
Caveats
  • Supply blocks, unpowered buildings, or Contaminate may cause inaccurate times.
  • Supply counts are checked every 10 seconds.